 Dungeon Crawl Stone Soup version 0.30.1-11-g7821555f0a (webtiles) character file.

Game seed: 12284060573489136373

75792 paradise the Severer (level 15, 0/162 HPs)
             Began as a Hill Orc Monk on Nov 3, 2023.
             Was the Champion of Ashenzari.
             Slain by a 16-headed hydra (20 damage)
             ... on level 2 of the Swamp.
             The game lasted 01:16:09 (18578 turns).

paradise the Severer (Hill Orc Monk)               Turns: 18578, Time: 01:16:09

Health: 0/162      AC: 61    Str: 30    XL:     15   Next: 51%
Magic:  15/15      EV: 11    Int: 12    God:    Ashenzari [******]
Gold:   1801       SH:  5    Dex: 14    Spells: 14/14 levels left

rFire   . . .        I - +4 battleaxe of Ashenzari's Blue Moon {Fort, Bglg} (curse)
rCold   + + .        (shield currently unavailable)
rNeg    . . .        t - +20 crystal plate armour of Desmomancy {-Tele rC++ Str+6, Self, Alch} (curse)
rPois   +            B - +2 helmet of Ashenzari's Hedonism {Cun, Evo} (curse)
rElec   .            J - +0 cloak of the Bound Seer {Alch, Comp} (curse)
rCorr   .            K - +0 pair of gloves "Pantheism of Ashenzari" {Bglg, Evo} (curse)
SInv    +            m - +2 pair of boots "Bound Fetters" {Fort, Alch} (curse)
Will    +....        o - amulet of Supernal Gnosis {Reflect SH+5, Elem, Fort} (curse) Stlth
                     R - ring of the Ruined Suspicion {Fly rPois Int+3, Comp, Alch} (curse)
HPRegen 0.47/turn    p - ring of the Elysian Sage {SInv, Comp, Fort} (curse)
MPRegen 0.14/turn

%: no teleportation, reflection, clarity
@: flying
A: poison resistance, robust 1, strong 1
a: Renounce Religion, Shatter the Chains


You were on level 2 of the Swamp.
You worshipped Ashenzari.
Ashenzari was exalted by your worship.
You visited 3 branches of the dungeon, and saw 17 of its levels.

You collected 1993 gold pieces.
You spent 192 gold pieces at shops.

Inventory:

Hand Weapons
 I - the cursed +4 battleaxe of Ashenzari's Blue Moon (weapon) {Fort, Bglg}
   (You took it off a wight on level 7 of the Dungeon)

   It has a curse which improves the following skills: Fortitude: Armour and
   Shields.
   Beguiling: Conjurations, Hexes and Translocations.
Missiles
 e - 202 stones
 f - 11 poisoned darts
Armour
 d - an orb of light
 m - the cursed +2 pair of boots "Bound Fetters" (worn) {Fort, Alch}
   (You found it on level 2 of the Dungeon)

   It has a curse which improves the following skills: Fortitude: Armour and
   Shields.
   Alchemy:   Poison Magic and Transmutations.
 t - the cursed +20 crystal plate armour of Desmomancy (worn) {-Tele rC++ Str+6, Self, Alch}
   (You acquired it on level 8 of the Dungeon)

   Str:       It affects your strength (+6).
   rC:        It greatly protects you from cold.
   -Tele:     It prevents most forms of teleportation.
   It has a curse which improves the following skills: Introspection: Fighting
   and Spellcasting.
   Alchemy:   Poison Magic and Transmutations.
 B - the cursed +2 helmet of Ashenzari's Hedonism (worn) {Cun, Evo}
   (You found it on level 6 of the Dungeon)

   It has a curse which improves the following skills: Cunning: Dodging and
   Stealth.
   Evocations: Evocations.
 J - the cursed +0 cloak of the Bound Seer (worn) {Alch, Comp}
   (You took it off Crazy Yiuf on level 7 of the Dungeon)

   It has a curse which improves the following skills: Alchemy: Poison Magic and
   Transmutations.
   Companions: Summonings and Necromancy.
 K - the cursed +0 pair of gloves "Pantheism of Ashenzari" (worn) {Bglg, Evo}
   (You found it on level 8 of the Dungeon)

   It has a curse which improves the following skills: Beguiling: Conjurations,
   Hexes and Translocations.
   Evocations: Evocations.
Jewellery
 o - the cursed amulet of Supernal Gnosis (around neck) {Reflect SH+5, Elem, Fort}
   (You found it on level 2 of the Dungeon)

   [amulet of reflection]

   It reflects blocked missile attacks.
   SH:        It affects your SH (+5).
   It has a curse which improves the following skills: Elements: Fire Magic, Ice
   Magic, Air Magic and Earth Magic.
   Fortitude: Armour and Shields.
 p - the cursed ring of the Elysian Sage (right hand) {SInv, Comp, Fort}
   (You found it on level 3 of the Dungeon)

   [ring of see invisible]

   SInv:      It lets you see invisible.
   It has a curse which improves the following skills: Companions: Summonings
   and Necromancy.
   Fortitude: Armour and Shields.
 r - a +4 ring of protection
 R - the cursed ring of the Ruined Suspicion (left hand) {Fly rPois Int+3, Comp, Alch}
   (You found it on level 5 of the Lair of Beasts)

   [ring of poison resistance]

   Int:       It affects your intelligence (+3).
   rPois:     It protects you from poison.
   Fly:       It grants you flight.
   It has a curse which improves the following skills: Companions: Summonings
   and Necromancy.
   Alchemy:   Poison Magic and Transmutations.
Wands
 y - a wand of roots (11)
 C - a wand of flame (35)
 F - a wand of quicksilver (9)
 H - a wand of digging (7)
 M - a wand of polymorph (4)
Scrolls
 a - 2 scrolls of noise
 b - 7 scrolls of fog
 g - 8 scrolls of teleportation
 h - 6 scrolls of poison
 k - 3 scrolls of summoning
 q - 2 scrolls of magic mapping
 v - 5 scrolls of blinking
 w - 2 scrolls of silence
 x - a scroll of immolation
 D - 3 scrolls of fear
 N - a scroll of enchant weapon (quivered)
 Q - 3 scrolls of amnesia
 T - a scroll of brand weapon
Potions
 c - 4 potions of ambrosia
 i - 3 potions of lignification
 j - 3 potions of degeneration
 l - 7 potions of curing
 n - 4 potions of flight
 s - 6 potions of haste
 u - 5 potions of attraction
 z - 2 potions of resistance
 A - 4 potions of brilliance
 E - 3 potions of might
 O - a potion of magic
 P - a potion of heal wounds
 S - a potion of invisibility
Miscellaneous
 G - a phial of floods
 L - a lightning rod (4/4)


   Skills:
 + Level 15.4(17.7) Fighting
 * Level 19.3 Axes
 * Level 19.0(24.4) Armour
 - Level 6.4(8.9) Dodging


You had 14 spell levels left.
You didn't know any spells.
Your spell library contained the following spells:

 Spells                   Type           Power      Damage    Failure   Level
 Hailstorm                Conj/Ice       1%         3d3       99%         3
 Inner Flame              Hex/Fire       1%         N/A       99%         3
 Anguish                  Hex/Necr       0%         N/A       100%        4
 Animate Armour           Summ/Erth      2%         N/A       100%        4
 Animate Dead             Necr           1%         N/A       100%        4
 Ice Form                 Ice/Tmut       1%         N/A       100%        4
 Petrify                  Tmut/Erth      1%         N/A       100%        4
 Blade Hands              Tmut           1%         N/A       100%        5
 Borgnjor's Vile Clutch   Necr/Erth      0%         N/A       100%        5
 Metabolic Englaciation   Hex/Ice        0%         N/A       100%        5
 Yara's Violent Unravell  Hex/Tmut       0%         3d3       100%        5
 Death Channel            Necr           0%         N/A       100%        6
 Iron Shot                Conj/Erth      0%         9d1       100%        6
 Simulacrum               Ice/Necr       0%         N/A       100%        6
 Statue Form              Tmut/Erth      0%         N/A       100%        6
 Ozocubu's Refrigeration  Ice            0%         4d7       100%        7
 Polar Vortex             Ice            0%         N/A       100%        9


Dungeon Overview and Level Annotations

Branches:
Dungeon (10/15)            Temple (0/1) D:7            Lair (5/5) D:9
  Swamp (2/4) Lair:2        Snake (0/4) Lair:3        Slime (0/5) Lair:5
    Orc: D:9-12

Altars:
Ashenzari
Cheibriados
Hepliaklqana
Kikubaaqudgha
Makhleb
Ru
Uskayaw
Jiyva

Shops:
D:4 !   D:9 ?


Innate Abilities, Weirdness & Mutations

Your system is resistant to poisons. (rPois)
You are robust. (+10% HP)
Your muscles are strong. (Str +4, Int/Dex -1)


Message History

The 13-headed hydra closely misses you.
The 13-headed hydra bites you but does no damage.
You slice one of the 13-headed hydra's heads off!
The 12-headed hydra grows two more!
You hit the 14-headed hydra.
The 14-headed hydra is severely wounded.
The 14-headed hydra bites you.
* * * LOW HITPOINT WARNING * * *
The 14-headed hydra bites you but does no damage. x2
The 14-headed hydra barely misses you.
The 14-headed hydra bites you but does no damage.
The 14-headed hydra closely misses you. The 14-headed hydra barely misses you.
The 14-headed hydra closely misses you.
The 14-headed hydra bites you but does no damage. x2
The 14-headed hydra closely misses you. x2
The 14-headed hydra bites you but does no damage. x2
You chop one of the 14-headed hydra's heads off!
The 13-headed hydra grows two more!
You slash the 15-headed hydra!
The 15-headed hydra is severely wounded.
You lop one of the 15-headed hydra's heads off!
The 14-headed hydra grows two more!
You slash the 16-headed hydra!
The 16-headed hydra is severely wounded.
The 16-headed hydra closely misses you.
The 16-headed hydra barely misses you. x3
The 16-headed hydra bites you but does no damage. x3
You block the 16-headed hydra's attack. x2
The 16-headed hydra barely misses you.
The 16-headed hydra bites you but does no damage.
The 16-headed hydra bites you!
* * * LOW HITPOINT WARNING * * *
The 16-headed hydra closely misses you. x2
The 16-headed hydra barely misses you. The 16-headed hydra closely misses you.
You feel much better.
The 16-headed hydra bites you but does no damage.
The 16-headed hydra bites you!
* * * LOW HITPOINT WARNING * * *
The 16-headed hydra bites you but does no damage. x4
The 16-headed hydra closely misses you. x2
The 16-headed hydra completely misses you.
The 16-headed hydra bites you but does no damage.
The 16-headed hydra closely misses you. The 16-headed hydra bites you!!
You die...

, ~ , * , ~ ,,..~
♣♣.....~....~~~~~ ~<~
*♣~.~...~~~~.~~~~ ~~ ~..
**~.....~~~~.<~~~~ ~~ ..~ *
~~~.~~~~~~~.~§~~ , ~ ...
~~..~~~~§~~~~~~.♣ ** ♣.,
*,~~..~~~~~~~~~~.~. *
*~.~~.§~D†..........♣
*.~.~~~)@~~w~?......♣* ♣
*....~~.††....##. #..♣♣♣♣
♣♣~~~.>..~..## .. #..♣♣~
♣♣♣♣♣.....##,,...##.... ♣♣♣
♣♣♣♣♣.§.†.#,,, ........
♣♣♣♣♣[♣♣♣.♣....~..#.. , ∆#....
♣♣~♣....♣.~...~....#... ,,,+....
♣..~.~.♣♣♣.~..~....##.....##..~~
♣♣.♣^...♣~....~.....##...##..♣♣♣


You could see a 16-headed hydra (strong) and a tyrant leech.

Vanquished Creatures
  Gastronok (D:10)
  The ghost of Quickbrownfox the Spear-Bearer, a journeyman DsCj of Ashenzari (Lair:5)
  2 bunyips (Swamp:1)
  Fannar (D:10)
  A ghost crab (Swamp:1)
  15 hydras
  12 death yaks
  5 alligators
  2 skysharks
  3 goliath frogs
  Lodul (D:10)
  2 spriggan druids
  3 bog bodies
  A lindwurm (Lair:5)
  2 will-o-the-wisps
  A manticore (Lair:5)
  14 elephants
  5 black mambas
  12 cane toads
  An ice statue (Lair:5)
  A torpor snail (Lair:5)
  A gargoyle (D:9)
  2 unseen horrors
  13 komodo dragons
  4 kobold demonologists
  4 rime drakes
  7 polar bears
  A troll (D:10)
  3 hornets
  8 dream sheep (Lair:5)
  2 tyrant leeches
  23 blink frogs
  14 spriggans
  2 shadows
  29 yaks
  6 wyverns
  4 basilisks
  2 steam dragons
  6 vampire mosquitoes
  10 swamp worms
  3 nagas (Lair:3)
  8 water moccasins
  An acid dragon (D:9)
  An orc warrior (D:7)
  4 swamp drakes
  A sky beast (D:7)
  5 black bears
  5 boggarts (Lair:5)
  12 ogres
  5 ice beasts
  23 wolves
  5 centaurs
  3 kobold brigands
  A phantom (D:6)
  9 bullfrogs
  15 wights
  5 killer bees
  4 howler monkeys
  An electric eel (Lair:2)
  3 hounds
  8 jellies
  Crazy Yiuf (D:7)
  2 gnoll boudas (D:7)
  2 orc priests
  2 iguanas
  4 orc wizards
  8 sleepcaps
  14 hell rats
  Terence (D:3)
  7 gnolls
  6 adders
  3 shadow imps
  2 white imps
  6 dart slugs
  23 orcs
  11 ball pythons
  13 bats
  8 endoplasms
  8 giant cockroaches
  7 goblins
  5 hobgoblins
  2 jackals (D:3)
  2 quokkas
  A frilled lizard (D:1)
  21 kobolds
  7 rats
515 creatures vanquished.

Vanquished Creatures (others)
  8 foxfires
8 creatures vanquished.

Grand Total: 523 creatures vanquished

Notes
Turn   | Place    | Note
-------+----------+-------------------------------------------
     0 | D:1      | paradise the Hill Orc Monk began the quest for the Orb.
     0 | D:1      | Reached XP level 1. HP: 19/19 MP: 1/1
   158 | D:1      | Reached XP level 2. HP: 27/27 MP: 2/2
   754 | D:2      | Reached XP level 3. HP: 33/33 MP: 3/3
   955 | D:2      | Reached skill level 1 in Armour
  1204 | D:2      | Reached XP level 4. HP: 40/40 MP: 4/4
  1537 | D:2      | Reached skill level 5 in Axes
  1927 | D:3      | Noticed Terence
  1941 | D:3      | Killed Terence
  1982 | D:3      | Found a snail-covered altar of Cheibriados.
  2182 | D:3      | Found a faded altar of an unknown god.
  2219 | D:3      | Reached XP level 5. HP: 47/47 MP: 5/5
  2688 | D:3      | Found a hazy altar of Hepliaklqana.
  2907 | D:4      | Reached XP level 6. HP: 53/53 MP: 6/6
  3215 | D:4      | Found Sebotoimn's Distillery.
  3230 | D:4      | Bought a potion of heal wounds for 50 gold pieces
  3370 | D:4      | Noticed a black bear
  3379 | D:4      | Killed a black bear
  3380 | D:4      | Reached skill level 5 in Fighting
  3757 | D:5      | Entered Level 5 of the Dungeon
  3902 | D:5      | Reached XP level 7. HP: 44/61 MP: 7/7
  5089 | D:6      | Reached skill level 5 in Armour
  5095 | D:6      | Reached XP level 8. HP: 63/70 MP: 8/8
  5457 | D:6      | Gained mutation: You are partially covered in iridescent
                  | scales. (AC +2) [potion of mutation]
  5457 | D:6      | Gained mutation: You are mostly covered in iridescent
                  | scales. (AC +4) [potion of mutation]
  5457 | D:6      | Gained mutation: You are somewhat resistant to further
                  | mutation. [potion of mutation]
  5469 | D:6      | Found a broken altar of Ashenzari.
  5512 | D:6      | Became a worshipper of Ashenzari the Shackled
  6199 | D:6      | Reached * piety under Ashenzari
  6273 | D:6      | Found an ancient bone altar of Kikubaaqudgha.
  6417 | D:7      | Lost mutation: You are somewhat resistant to further
                  | mutation. [potion of mutation]
  6417 | D:7      | Lost mutation: You are mostly covered in iridescent scales.
                  | (AC +4) [potion of mutation]
  6417 | D:7      | Lost mutation: You are partially covered in iridescent
                  | scales. (AC +2) [potion of mutation]
  6417 | D:7      | Gained mutation: Your system is resistant to poisons.
                  | (rPois) [potion of mutation]
  6417 | D:7      | Gained mutation: You are partially covered in iridescent
                  | scales. (AC +2) [potion of mutation]
  6417 | D:7      | Gained mutation: You are somewhat resistant to further
                  | mutation. [potion of mutation]
  6418 | D:7      | Lost mutation: You are somewhat resistant to further
                  | mutation. [potion of mutation]
  6418 | D:7      | Lost mutation: You are partially covered in iridescent
                  | scales. (AC +2) [potion of mutation]
  6418 | D:7      | Gained mutation: You are agile. (Dex +4, Str/Int -1)
                  | [potion of mutation]
  6418 | D:7      | Gained mutation: You have large cloven feet. [potion of
                  | mutation]
  6418 | D:7      | Gained mutation: You are very agile. (Dex +8, Str/Int -2)
                  | [potion of mutation]
  6441 | D:7      | Reached XP level 9. HP: 73/78 MP: 9/9
  6699 | D:7      | Noticed an unseen horror
  6721 | D:7      | Reached skill level 10 in Axes
  6724 | D:7      | Killed an unseen horror
  6725 | D:7      | Reached skill level 5 in Dodging
  7306 | D:7      | Identified a scroll of acquirement
  7400 | D:7      | Found a runed translucent door.
  7401 | D:7      | Noticed Crazy Yiuf
  7562 | D:7      | Found a staircase to the Ecumenical Temple.
  7669 | D:7      | Reached XP level 10. HP: 59/88 MP: 10/10
  7697 | D:7      | Reached ** piety under Ashenzari
  7878 | D:7      | Killed Crazy Yiuf
  8194 | D:8      | Found a hide-covered altar of Uskayaw.
  8253 | D:8      | Reached *** piety under Ashenzari
  8527 | D:9      | Noticed a gargoyle
  8750 | D:9      | Reached skill level 10 in Armour
  8752 | D:9      | Killed a gargoyle
  8773 | D:9      | Reached XP level 11. HP: 95/95 MP: 11/11
  8812 | D:9      | Noticed a sun demon
  8963 | D:9      | Found a burning altar of Makhleb.
  9062 | D:9      | Noticed a soul eater
  9070 | D:9      | Noticed a soul eater
  9074 | D:9      | Noticed a soul eater
  9094 | D:8      | Noticed a soul eater
  9129 | D:8      | Acquired the +20 crystal plate armour of Bad Feelings
                  | {-Tele rC++ Str+6}
  9307 | D:9      | Found a staircase to the Lair.
  9357 | D:9      | Found Ryhec's Magic Scroll Boutique.
  9429 | D:9      | Bought a scroll of summoning for 142 gold pieces
  9490 | D:9      | Reached **** piety under Ashenzari
  9630 | D:10     | Entered Level 10 of the Dungeon
  9653 | D:10     | Noticed Lodul
  9766 | D:10     | Killed Lodul
  9804 | D:10     | Noticed Gastronok
  9824 | D:10     | Killed Gastronok
  9938 | D:10     | Noticed Fannar
  9966 | D:10     | Killed Fannar
  9967 | D:10     | Reached skill level 10 in Fighting
 10889 | Lair:1   | Entered Level 1 of the Lair of Beasts
 10900 | Lair:1   | Noticed a death yak
 10916 | Lair:1   | Noticed a death yak
 10916 | Lair:1   | Noticed a death yak
 10919 | Lair:1   | Noticed a death yak
 10926 | D:9      | Killed a death yak
 10927 | D:9      | Reached XP level 12. HP: 89/112 MP: 12/12
 10932 | Lair:1   | Noticed a death yak
 10942 | D:9      | Killed a death yak
 10949 | D:9      | Killed a death yak
 10950 | D:9      | Killed a death yak
 11041 | Lair:1   | Noticed a death yak
 11051 | D:9      | Killed a death yak
 11051 | D:9      | Killed a death yak
 11071 | Lair:1   | Identified Sif Muna's Elucidation of the Curse
 11274 | Lair:1   | Found a sacrificial altar of Ru.
 11780 | Lair:2   | Reached skill level 15 in Axes
 12127 | Lair:2   | Found a staircase to the Swamp.
 12164 | Lair:2   | Noticed a five-headed hydra
 12177 | Lair:2   | Killed a 13-headed hydra
 12353 | Lair:2   | Reached ***** piety under Ashenzari
 12890 | Lair:3   | Reached XP level 13. HP: 124/124 MP: 13/13
 12923 | Lair:3   | Reached skill level 15 in Armour
 13231 | Lair:3   | Found a staircase to the Snake Pit.
 14139 | Lair:4   | Lost mutation: You have large cloven feet. [potion of
                  | mutation]
 14139 | Lair:4   | Lost mutation: You are very agile. (Dex +8, Str/Int -2)
                  | [potion of mutation]
 14139 | Lair:4   | Lost mutation: You are agile. (Dex +4, Str/Int -1) [potion
                  | of mutation]
 14139 | Lair:4   | Gained mutation: Your muscles are strong. (Str +4, Int/Dex
                  | -1) [potion of mutation]
 14139 | Lair:4   | Gained mutation: You are robust. (+10% HP) [potion of
                  | mutation]
 14758 | Lair:5   | Entered Level 5 of the Lair of Beasts
 15076 | Lair:5   | Reached XP level 14. HP: 117/148 MP: 14/14
 15586 | Lair:5   | Found a staircase to the Slime Pits.
 15586 | Lair:5   | Found a viscous altar of Jiyva.
 15817 | Lair:5   | Identified the ring of the Sky {Fly rPois Int+3}
 15823 | Lair:5   | Noticed Quickbrownfox's ghost (journeyman DsCj)
 15854 | Lair:5   | Found a transporter.
 15911 | Lair:5   | Killed Quickbrownfox's ghost
 15930 | Lair:5   | Found a transporter.
 16186 | Lair:5   | Reached ****** piety under Ashenzari
 17303 | Swamp:1  | Entered Level 1 of the Swamp
 17336 | Swamp:1  | Reached XP level 15. HP: 118/161 MP: 15/15
 17536 | Swamp:1  | Reached skill level 15 in Fighting
 18356 | Swamp:2  | Identified the +2 plate armour "Elimat" {Int+3}
 18578 | Swamp:2  | Slain by a 16-headed hydra

Illustrated notes

Levels and vault maps discovered:
D:1:      mushboom_english_gardens, layout_basic, kennysheep_boxes
D:2:      kennysheep_six_static_rooms, layout_basic, due_unseen_surprise
D:3:      layout_basic, mainiacjoe_overflow_swirl, basic_ecumenical_altar,
          minmay_misc_feat_roman, uniq_terence
D:4:      layout_basic, serial_shops, nicolae_shop_hallway_plus
D:5:      layout_basic, portal_sewer_entry_b
D:6:      minmay_skewed_foursquare, layout_loops_corners,
          mainiacjoe_overflow_catwalk, ashenzari_altar_1
D:7:      hangedman_cross_stitches, layout_loops_corners,
          minmay_temple_entry_tees, uniq_crazy_yiuf_cottage
D:8:      layout_rooms, mainiacjoe_overflow_paths
D:9:      layout_rooms, kennysheep_mini_moat, david_lair_generic, serial_shops,
          nicolae_shop_getting_attention, grunt_decor_cap, the_hattery
D:10:     layout_basic, uniq_fannar, uniq_lodul, uniq_gastronok
Lair:1:   layout_big_grid, lemuel_centaur_altar
Lair:2:   layout_regular_city, nicolae_swamp_entry_splash_gauntlet,
          infiniplex_staircase_pool_2
Lair:3:   layout_chaotic_city, minmay_snake_entry_guardpost_small
Lair:4:   layout_small_grid
Lair:5:   minmay_lair_end_enchanted_forest, layout_layer_cave,
          nicolae_slime_entry_field_trip, nzn_ghost_randoct
Swamp:1:  layout_basic_swamp, nicolae_swamp_ascending_descending
Swamp:2:  nicolae_swamp_tree_isthmus, layout_basic_swamp,
          evilmike_swamp_ruin_house_3

Skill      XL: |  1  2  3  4  5  6  7  8  9 10 11 12 13 14 15 |
---------------+----------------------------------------------+-----
Fighting       | 4 5 6 7 8 10 12 13 14 15 | 15.4
Armour         | 1 2 4 5 6 8 10 12 14 16 18 19 | 19.0
Axes           | 5 6 7 9 11 12 14 15 16 18 19 | 19.3
Dodging        | 3 4 5 6 |  6.4

Action                     |  1- 3 |  4- 6 |  7- 9 | 10-12 | 13-15 || total
---------------------------+-------+-------+-------+-------+-------++-------
  Melee: Hand axe          |   113 |    56 |    25 |       |       ||   194
         War axe           |       |    93 |   245 |     6 |       ||   344
         Battleaxe         |       |       |       |   411 |   817 ||  1228
 Invoke: Curse Item        |       |       |     2 |     5 |     2 ||     9
  Evoke: Wand              |       |       |       |     7 |     6 ||    13
    Use: Scroll            |       |     7 |     6 |     6 |     5 ||    24
         Potion            |       |       |     3 |     3 |    13 ||    19
 Armour: Plate armour      |    86 |    90 |   151 |   161 |       ||   488
         Crystal plate arm |       |       |       |   280 |  1381 ||  1661
  Dodge: Dodged            |    17 |    31 |    78 |   249 |   665 ||  1040
  Block: Orb               |       |    30 |    59 |     1 |       ||    90
         Other             |       |       |       |   115 |   296 ||   411
         Reflection        |       |       |       |     6 |     3 ||     9
